 Dungeon Crawl Stone Soup version 0.26-b1-32-g5d43845318 (webtiles) character file.

Game seed: 15909720394041634438

16622 Borgoz the Basher (level 12, -2/76 HPs)
             Began as a Gargoyle Berserker on Jan 11, 2021.
             Was the Champion of Trog.
             Slain by a phantasmal warrior (21 damage)
             ... led by a death knight
             ... on level 12 of the Dungeon.
             The game lasted 00:20:12 (11592 turns).

Borgoz the Basher (Gargoyle Berserker)             Turns: 11592, Time: 00:20:13

Health: -2/76      AC: 24    Str: 21    XL:     12   Next: 39%
Magic:  12/12      EV: 20    Int:  9    God:    Trog [******]
Gold:   1155       SH:  0    Dex: 19    Spells: 11/11 levels left

rFire    . . .     SeeInvis .   n - +3 great mace
rCold    . . .     Faith    .   (shield currently unavailable)
rNeg     + . .     Spirit   .   I - +0 troll leather armour
rPois    ∞         Reflect  .   J - +2 hat
rElec    +         Harm     .   y - +2 cloak
rCorr    .         Rampage  .   w - +1 pair of gloves {archery}
Will     .....                  k - +1 pair of boots
Stlth    +.........             B - amulet of regeneration
HPRegen  1.02/turn              (no ring)
MPRegen  0.13/turn              D - +6 ring of dexterity

@: berserk cooldown, slowed, very slow
A: negative energy resistance 1, electricity resistance, unbreathing,
petrification resistance, miasma immunity, AC +8
a: Renounce Religion, Berserk, Trog's Hand, Brothers in Arms


You were on level 12 of the Dungeon.
You worshipped Trog.
Trog was exalted by your worship.
You visited 2 branches of the dungeon, and saw 13 of its levels.

You collected 1155 gold pieces.

Inventory:

Hand Weapons
 n - a +3 great mace (weapon)
Armour
 a - the +3 buckler of Zin's Envy {rN+ rCorr}
   (You found it on level 7 of the Dungeon)

   It protects you from negative energy.
   It provides partial protection from all sources of acid and corrosion.
 k - a +1 pair of boots (worn)
 r - the +1 chain mail of Minor Irritation {rN+}
   (You found it on level 10 of the Dungeon)

   It protects you from negative energy.
 w - a +1 pair of gloves of archery (worn)
 y - a +2 cloak (worn)
 H - +0 acid dragon scales
 I - a +0 troll leather armour (worn)
 J - a +2 hat (worn)
Jewellery
 c - an uncursed amulet of reflection
 p - an uncursed ring of flight
 q - an uncursed ring of ice
 s - the ring of Fixation {rF+ rN++ Dex-4}
   (You found it on level 7 of the Dungeon)

   [ring of protection from fire]

   It affects your dexterity (-4).
   It protects you from fire.
   It greatly protects you from negative energy.
 B - an amulet of regeneration (around neck)
 D - a +6 ring of dexterity (right hand)
Wands
 b - a wand of flame (44)
 e - a wand of acid (10)
 l - a wand of iceblast (31)
 G - a wand of paralysis (11)
Scrolls
 f - 5 scrolls of teleportation
 g - 2 scrolls of enchant weapon
 h - 4 scrolls of fear
 o - a scroll of identify
 v - 5 scrolls of remove curse
 F - a scroll of blinking
Potions
 d - 2 potions of heal wounds
 i - 7 potions of flight
 j - 3 potions of curing
 m - 2 potions of mutation
 t - a potion of resistance
 x - a potion of cancellation
 z - 4 potions of berserk rage
 A - a potion of ambrosia
 C - a potion of haste
 E - a potion of might


   Skills:
 + Level 9.5 Fighting
 * Level 11.8 Maces & Flails
 + Level 9.3 Armour
 * Level 9.9 Dodging


You had 11 spell levels left.
You didn't know any spells.
Your spell library was empty.

Dungeon Overview and Level Annotations

Branches:
Dungeon (12/15)            Temple (1/1) D:4            Lair (0/6) D:10
    Orc (0/2) D:10

Altars:
Ashenzari
Cheibriados
Dithmenos
Elyvilon
Fedhas
Gozag
Hepliaklqana
Kikubaaqudgha
Makhleb
Nemelex Xobeh
Okawaru
Qazlal
Ru
Sif Muna
Trog
Uskayaw
Vehumet
Wu Jian
Xom
Yredelemnul
Zin
The Shining One

Shops:
D:11 [

Annotations:
D:7 3 runed translucent doors, MTVSty1e's ghost, novice MiMo


Innate Abilities, Weirdness & Mutations

You are resistant to torment.
Your stone body is resilient. (AC +8)
You are immune to poison.
You resist negative energy. (rN+)
You are resistant to electric shocks. (rElec)
You can survive without breathing.
You are immune to petrification.
You are immune to miasma.


Message History

The yak gores you!
* * * LOW HITPOINT WARNING * * *
The freezing wraith barely misses you.
The freezing wraith completely misses you.
The yak closely misses you.
The phantasmal warrior blinks!
You hit the freezing wraith.
The freezing wraith is lightly damaged.
The yak misses you.
The freezing wraith hits you but does no damage.
The freezing wraith barely misses you. The yak barely misses you.
The phantasmal warrior blinks!
The freezing wraith misses you.
The freezing wraith hits you but does no damage.
The yak completely misses you. The yak misses you.
The phantasmal warrior blinks!
Found an escape hatch in the ceiling.
The phantasmal warrior blinks!
You closely miss the phantasmal warrior.
The phantasmal warrior barely misses you.
The yak barely misses you. The phantasmal warrior hits you!!
You die...

###################
#..........§.......
#>.(.......YW..§...
#######.###z#.....
#.# #Y# ### #.# #@#
#.#.W.# #.#.###
#.#< ###### #.#
).)).# #.# .)...#
#.# †...)# #.#
††.))# #.#


You could see a skeletal warrior, a phantasmal warrior, a freezing wraith and 2
yaks.

Vanquished Creatures
  Gastronok (D:10)
  Fannar (D:11)
  A hydra (D:11)
  A death knight (D:12)
  2 two-headed ogres
  3 cyclopes
  Psyche (D:9)
  Maurice (D:9)
  2 gargoyles
  Maggie (D:6)
  A centaur skeleton (D:10)
  A komodo dragon (D:10)
  4 trolls
  2 hornets (D:9)
  A basilisk (D:10)
  6 yaks
  A wraith (D:10)
  Grum (D:11)
  Menkaure (D:5)
  Duvessa (D:4)
  An acid dragon (D:12)
  A water moccasin (D:6)
  6 ice beasts
  8 orc warriors
  3 phantoms
  2 black bears
  A necrophage (D:7)
  4 ogres
  3 wolves (D:11)
  4 centaurs
  2 big kobolds
  4 bullfrogs
  A gnoll sergeant (D:11)
  Dowan (D:4)
  5 killer bees (D:9)
  4 scorpions
  5 wights (D:7)
  2 vampire bats (D:6)
  2 howler monkeys
  3 crimson imps (D:4)
  A bullfrog zombie (D:9)
  A centaur zombie (D:6)
  An iron imp (D:5)
  4 hounds
  3 jellies
  10 orc priests
  2 bullfrog skeletons
  Terence (D:3)
  9 orc wizards
  2 iguanas
  19 worker ants
  A killer bee zombie (D:6)
  A hound zombie (D:5)
  2 hound skeletons
  Robin (D:3)
  13 gnolls
  12 adders
  A shadow imp (D:6)
  3 white imps
  4 ufetubi
  2 oozes
  2 adder skeletons
  An adder zombie (D:6)
  3 worms
  2 dart slugs
  9 leopard geckos
  71 orcs
  2 ball pythons
  13 bats
  6 giant cockroaches
  15 goblins
  8 hobgoblins
  21 jackals
  6 quokkas
  2 frilled lizards (D:1)
  A goblin skeleton (D:5)
  A goblin zombie (D:5)
  A hobgoblin zombie (D:5)
  13 kobolds
  2 kobold skeletons (D:5)
  2 kobold zombies (D:5)
  2 orc zombies (D:5)
  A quokka skeleton (D:8)
  A quokka zombie (D:8)
  4 rats
377 creatures vanquished.

Vanquished Creatures (others)
  A crimson imp (D:4)
  9 plants (D:10)
10 creatures vanquished.

Grand Total: 387 creatures vanquished

Notes
Turn   | Place    | Note
-------+----------+-------------------------------------------
     0 | D:1      | Borgoz the Gargoyle Berserker began the quest for the Orb.
     0 | D:1      | Reached XP level 1. HP: 14/14 MP: 1/1
    42 | D:1      | HP: 1/21 [leopard gecko (3)]
   470 | D:1      | Reached XP level 2. HP: 19/19 MP: 2/2
   643 | D:1      | Reached XP level 3. HP: 8/23 MP: 3/3
  1442 | D:2      | Reached ** piety under Trog
  1874 | D:2      | Reached XP level 4. HP: 29/29 MP: 4/4
  2821 | D:3      | Noticed Terence
  2833 | D:3      | Killed Terence
  2835 | D:3      | Reached XP level 5. HP: 33/33 MP: 5/5
  2941 | D:3      | Noticed Robin
  2947 | D:3      | Reached skill level 4 in Maces & Flails
  2959 | D:3      | Killed Robin
  3124 | D:3      | Found a burning altar of Makhleb.
  3483 | D:3      | Reached *** piety under Trog
  3964 | D:4      | Reached XP level 6. HP: 35/38 MP: 6/6
  4001 | D:4      | Noticed Duvessa
  4010 | D:4      | Noticed Dowan
  4027 | D:4      | Killed Duvessa
  4036 | D:4      | Reached skill level 5 in Maces & Flails
  4036 | D:4      | Reached XP level 7. HP: 18/44 MP: 7/7
  4070 | D:4      | Killed Dowan
  4098 | D:4      | Found an ornate altar of the Wu Jian Council.
  4110 | D:4      | HP: 1/66 [scorpion (4)]
  4185 | D:4      | Found a staircase to the Ecumenical Temple.
  4203 | Temple   | Entered the Ecumenical Temple
  4429 | D:4      | Reached skill level 5 in Fighting
  4620 | D:4      | Got a warped short sword
  4621 | D:4      | Identified the +3 short sword "Reazus" {pain, *Noise rPois
                  | rF+ Stlth+} (You found it on level 4 of the Dungeon)
  4674 | D:4      | Found a hazy altar of Hepliaklqana.
  4693 | D:4      | Found a shimmering altar of Xom.
  4883 | D:5      | Entered Level 5 of the Dungeon
  4943 | D:5      | Reached XP level 8. HP: 49/49 MP: 8/8
  5081 | D:5      | Reached skill level 6 in Maces & Flails
  5342 | D:5      | Found a glowing golden altar of the Shining One.
  5357 | D:5      | Reached **** piety under Trog
  5458 | D:5      | Noticed Menkaure
  5461 | D:5      | Killed Menkaure
  5462 | D:5      | Reached skill level 5 in Dodging
  5658 | D:6      | Found a blossoming altar of Fedhas.
  5693 | D:6      | Found a snail-covered altar of Cheibriados.
  5794 | D:6      | Noticed Maggie
  5818 | D:6      | Killed Maggie
  5819 | D:6      | Reached skill level 7 in Maces & Flails
  5819 | D:6      | Reached skill level 5 in Armour
  5821 | D:6      | Reached XP level 9. HP: 8/55 MP: 9/9
  6152 | D:6      | Found an iron altar of Okawaru.
  6391 | D:7      | Found a sacrificial altar of Ru.
  6425 | D:7      | Got a fine pewter ring
  6524 | D:7      | Identified the ring of Fixation {rF+ rN++ Dex-4} (You found
                  | it on level 7 of the Dungeon)
  6627 | D:7      | You fall into a shaft and drop 2 floors!
  6663 | D:9      | Noticed Psyche
  6674 | D:9      | Reached skill level 8 in Maces & Flails
  6677 | D:9      | Paralysed by Psyche for 5 turns
  6691 | D:9      | Killed Psyche
  6865 | D:8      | Reached XP level 10. HP: 63/63 MP: 10/10
  7071 | D:8      | Reached ***** piety under Trog
  7146 | D:7      | Noticed MTVSty1e's ghost (novice MiMo)
  7174 | D:7      | Found a runed translucent gate.
  7174 | D:7      | Found a runed translucent gate.
  7174 | D:7      | Found a runed translucent gate.
  7381 | D:7      | Got a crude buckler
  7387 | D:7      | Identified the +3 buckler of Zin's Envy {rN+ rCorr} (You
                  | found it on level 7 of the Dungeon)
  7428 | D:7      | Found an opulent altar of Gozag.
  8103 | D:8      | Reached skill level 9 in Maces & Flails
  8201 | D:8      | Found a hide-covered altar of Uskayaw.
  8298 | D:8      | Found a shimmering altar of Xom.
  8299 | D:8      | Found a shadowy altar of Dithmenos.
  8690 | D:9      | Noticed Maurice
  8706 | D:9      | Killed Maurice
  8829 | D:9      | Received a gift from Trog
  9030 | D:9      | Found a sparkling altar of Nemelex Xobeh.
  9213 | D:10     | Entered Level 10 of the Dungeon
  9329 | D:10     | Found a staircase to the Lair.
  9544 | D:10     | Noticed a two-headed ogre
  9553 | D:10     | Killed a two-headed ogre
  9554 | D:10     | Reached skill level 10 in Maces & Flails
  9554 | D:10     | Reached XP level 11. HP: 44/68 MP: 11/11
  9629 | D:10     | Found a staircase to the Orcish Mines.
  9711 | D:10     | Got a steaming chain mail
  9722 | D:10     | Identified the cursed +1 chain mail of Minor Irritation
                  | {rN+} (You found it on level 10 of the Dungeon)
 10160 | D:10     | Noticed Gastronok
 10178 | D:10     | Killed Gastronok
 10293 | D:11     | Noticed Fannar
 10311 | D:11     | Killed Fannar
 10414 | D:11     | Noticed Grum
 10436 | D:11     | Killed Grum
 10584 | D:11     | Noticed a two-headed ogre
 10584 | D:11     | Noticed a cyclops
 10588 | D:11     | Killed a cyclops
 10590 | D:11     | Killed a two-headed ogre
 10591 | D:11     | Reached skill level 11 in Maces & Flails
 10639 | D:11     | Noticed a cyclops
 10648 | D:11     | Killed a cyclops
 10725 | D:11     | Found Cakk's Armour Shoppe.
 10789 | D:11     | Reached XP level 12. HP: 59/76 MP: 12/12
 10795 | D:11     | Noticed an eight-headed hydra
 10805 | D:11     | Killed an eight-headed hydra
 10852 | D:11     | Reached ****** piety under Trog
 11218 | D:12     | Received a gift from Trog
 11566 | D:12     | Noticed a death knight
 11586 | D:12     | Killed a death knight
 11592 | D:12     | Slain by a phantasmal warrior

Illustrated notes

Levels and vault maps discovered:
D:1:      dpeg_arrival_windows_large_door, layout_loops_ring, minmay_box_of_dots
D:2:      layout_basic
D:3:      layout_basic, lemuel_round_altar, minmay_fountain_box, uniq_terence,
          uniq_robin
D:4:      layout_basic, nzn_hepliaklqana_mist_gate, kennysheep_mini,
          minmay_temple_entry_stoned_glass, led_xom_imps, uniq_duvessa
D:5:      layout_basic, nicolae_tso_besieged_by_evil, minmay_crystal_room,
          serial_park_tiny_pond, uniq_menkaure
D:6:      layout_basic, cheibriados_altar_1, kennysheep_okawaru_gauntlet,
          lemuel_round_altar, hangedman_abyss_or_decor_slice, roderic_batcave,
          uniq_maggie
D:7:      layout_basic, grunt_gozag_breadcrumbs, overflow_temple_1_default,
          gammafunk_ghost_icy, grunt_decor_one_mirror
D:8:      layout_basic, general_overflow_altar, gammafunk_temple_overflow_wave,
          glass_columns_c
D:9:      minmay_ornate_pinched, layout_basic, overflow_temple_1_default,
          uniq_psyche, uniq_maurice
D:10:     layout_long_grid, david_lair_shrubbed, hiddenorc2_lemuel,
          uniq_gastronok
D:11:     layout_roguey, serial_shops, nicolae_shop_behind_doors, uniq_grum,
          uniq_fannar
D:12:     layout_basic, grunt_ministairs_1, minivault_22, minmay_misc_feat_room,
          evilmike_butchery
Temple:   chequers_temple_sunken

Skill      XL: |  1  2  3  4  5  6  7  8  9 10 11 12 |
---------------+-------------------------------------+-----
Dodging        | 2 3 4 5 6 8 9 |  9.9
Fighting       | 4 5 6 7 8 9 |  9.5
Maces & Flails | 4 5 7 8 10 11 | 11.8
Armour         | 3 4 5 6 7 8 9 |  9.3

Action                   |  1- 3 |  4- 6 |  7- 9 | 10-12 || total
-------------------------+-------+-------+-------+-------++-------
Melee: Mace              |   128 |   196 |    73 |       ||   397
       Morningstar       |       |       |   299 |   234 ||   533
       Great mace        |       |       |       |   413 ||   413
Invok: Berserk           |     1 |     5 |     8 |    10 ||    24
       Trog's Hand       |       |       |     4 |       ||     4
  Use: Potion            |       |       |     2 |     1 ||     3
       Scroll            |       |       |    14 |    13 ||    27
 Stab: Distracted        |     1 |       |       |       ||     1
       Invisible         |       |       |     1 |       ||     1
       Sleeping          |       |       |     1 |     3 ||     4
Armor: Animal skin       |    38 |       |       |       ||    38
       Leather armour    |    15 |    12 |       |       ||    27
       Ring mail         |       |   120 |   182 |       ||   302
       Acid dragon scale |       |       |   104 |   132 ||   236
       Troll leather arm |       |       |       |   154 ||   154
Dodge: Dodged            |    98 |   162 |   460 |   737 ||  1457
Block: Buckler           |       |       |       |    54 ||    54
